 Seeded DCSS version 0.29-a0-559-g359e09b9d1 (webtiles) character file.

Game seed: 8572682691686822440 (custom seed)

30 happo123 the Sneak (level 3, -2/20 HPs)
             Began as a Vampire Enchanter on June 10, 2022.
             Slain by an adder (3 damage)
             ... on level 2 of the Dungeon.
             The game lasted 00:04:15 (1009 turns).

happo123 the Sneak (Vampire Enchanter)              Turns: 1009, Time: 00:04:15

Health: -2/20      AC:  3    Str:  7    XL:     3   Next: 5%
Magic:  1/6        EV: 12    Int: 19    God:
Gold:   33         SH:  0    Dex: 14    Spells: 4/6 levels left

rFire   . . .      SeeInvis +   a - +1 dagger
rCold   + + .      Faith    .   f - orb {guile}
rNeg    + + +      Spirit   .   b - +0 robe
rPois   ∞          Reflect  .   (no helmet)
rElec   .          Harm     .   (no cloak)
rCorr   .          Rampage  .   (no gloves)
Will    .....                   e - +0 pair of boots
Stlth   +++++.....              i - amulet of regeneration
HPRegen 0.00/turn               (no ring)
MPRegen 0.10/turn               (no ring)

@: bloodless, inhibited regen
A: bloodless, fangs 3, see invisible, vampiric 2
a: Bat Form, Revivify


You were on level 2 of the Dungeon.
You visited 1 branch of the dungeon, and saw 2 of its levels.

You collected 33 gold pieces.

Inventory:

Hand Weapons
 a - a +1 dagger (weapon)
Armour
 b - a +0 robe (worn)
 e - a +0 pair of boots (worn)
 f - an orb of guile (worn)
Jewellery
 i - an amulet of regeneration (around neck)
Scrolls
 d - 2 scrolls of fear {unknown}
 g - a scroll of magic mapping {unknown}
 j - a scroll of blinking {unknown}
 k - a scroll of teleportation {unknown}
Potions
 c - 2 potions of invisibility
 h - a potion of curing {unknown}


   Skills:
 + Level 0.5 Fighting
 + Level 1.3 Short Blades
 + Level 2.3 Dodging
 * Level 5.1 Stealth
 + Level 2.1 Spellcasting
 * Level 5.0 Hexes


You had 4 spell levels left.
You knew the following spells:

 Your Spells              Type           Power      Damage    Failure   Level
a - Ensorcelled Hibernat  Hex/Ice        22%        N/A       9%          2

Your spell library contained the following spells:

 Spells                   Type           Power      Damage    Failure   Level
 Confusing Touch          Hex            21%        N/A       6%          3
 Tukima's Dance           Hex            21%        N/A       6%          3
 Dazzling Flash           Conj/Hex       22%        N/A       19%         3


Dungeon Overview and Level Annotations

Branches:
Dungeon (2/15)

Altars:


Innate Abilities, Weirdness & Mutations

You do not regenerate when monsters are visible.
You are frail without blood (-20% HP).
You can heal yourself when you bite living creatures.
You are immune to poison.
You have razor-sharp teeth.
You have supernaturally acute eyesight. (SInv)
You are afflicted with vampirism and can become a bat while bloodless.


Message History

You hit the quokka.
You kill the quokka!
The adder bites you. The rat closely misses you.
Aiming: Ensorcelled Hibernation (safe; 9% risk of failure)
Press: ? - help, Q - select action Shift-Dir - straight line, f - adder
Aim: an adder (chance to affect: 62%)
The adder resists with significant effort.
The adder closely misses you. The rat bites you.
* * * LOW HITPOINT WARNING * * *
The adder closely misses you.
You hit the adder but do no damage. The rat closely misses you.
The adder barely misses you.
You closely miss the adder. Your bite misses the adder.
The rat bites you but does no damage. The adder bites you.
* * * LOW HITPOINT WARNING * * *
You hit the adder. You bite the adder.
You draw the adder's blood!
You feel better.
The adder is severely wounded.
The adder completely misses you. The rat barely misses you.
You barely miss the adder.
The adder is severely wounded.
The adder bites you.
* * * LOW HITPOINT WARNING * * *
The rat barely misses you. The adder bites you.
* * * LOW HITPOINT WARNING * * *
The adder attacks as you move away! The adder barely misses you.
The rat bites you but does no damage. The rat misses you.
A dart slug comes into view.
The rat attacks as you move away! The rat closely misses you.
The adder barely misses you. The adder attacks as you move away!
The adder closely misses you. The adder attacks as you move away!
The adder closely misses you. The adder attacks as you move away!
The adder bites you.
* * * LOW HITPOINT WARNING * * *
The adder completely misses you. The adder attacks as you move away!
The adder barely misses you. The adder attacks as you move away!
The adder bites you.
You die...

##### ... #.# ###@#
#. .# #.S.# #.#.#
#.### #.#.# #r# #.#.#
#.# #.#.# #.# #.#.#
##.#######...######
#.................#
#..#.#####........###


You could see an adder and a rat.

Vanquished Creatures
  2 dart slugs
  2 ball pythons (D:1)
  3 endoplasms
  A giant cockroach (D:2)
  4 hobgoblins
  A quokka (D:2)
  4 bats
  2 frilled lizards
  3 kobolds (D:1)
  4 rats
26 creatures vanquished.

Notes
Turn   | Place    | Note
-------+----------+-------------------------------------------
     0 | D:1      | happo123 the Vampire Enchanter began the quest for the Orb.
     0 | D:1      | Reached XP level 1. HP: 13/13 MP: 3/3
    50 | D:1      | Found a faded altar of an unknown god.
   246 | D:1      | Reached XP level 2. HP: 17/19 MP: 5/5
   249 | D:1      | Learned a level 2 spell: Ensorcelled Hibernation
   723 | D:1      | Reached skill level 5 in Stealth
   968 | D:2      | Reached skill level 5 in Hexes
   987 | D:2      | Gained mutation: You are afflicted with vampirism and can
                  | become a bat while bloodless. [Vampire growth]
   987 | D:2      | Reached XP level 3. HP: 19/20 MP: 1/6
  1006 | D:2      | HP: 1/20 [adder (1)]
  1009 | D:2      | Slain by an adder

Illustrated notes

Levels and vault maps discovered:
D:1:      ncdulo_lavacross, layout_basic, serial_rivers,
          chequers_serial_rivers_marsh, chequers_serial_rivers_micro_c,
          chequers_serial_rivers_large_a, chequers_serial_rivers_small_a,
          chequers_serial_rivers_micro_e, chequers_serial_rivers_room_b,
          ebering_ecumenical_altar_box, serial_bayou_ford_a
D:2:      layout_loops_ring, minmay_surrounded

Skill      XL: |  1  2 |
---------------+-------+-----
Stealth        | 5 |  5.1
Hexes          | 5 |  5.0
Fighting       | |  0.5
Short Blades   | |  1.3
Dodging        | |  2.3
Spellcasting   | |  2.1

Action                   || total
-------------------------++-------
Melee: Dagger            ||    67
       Bite              ||     6
 Cast: Ensorcelled Hiber ||     5
 Abil: Exsanguinate      ||     1
 Stab: Sleeping          ||    15
Armor: Robe              ||    11
Dodge: Dodged            ||    42

Table legend: (Time is in decaauts)
 A = Elapsed time spent in this place.
 B = Non-inter-level travel time spent in this place.
 C = Inter-level travel time spent in this place.
 D = Time resting spent in this place.
 E = Time spent auto-exploring this place.
 F = Levels seen in this place.
 G = Mean time per level.
                   A        B        C        D        E       F      G
               +--------+--------+--------+--------+--------+-----+--------+
         Total |   1037 |    972 |     65 |     16 |    698 |   2 |  518.5 |
       Dungeon |   1037 |    972 |     65 |     16 |    698 |   2 |  518.5 |
               +--------+--------+--------+--------+--------+-----+--------+

Top non-repeatable levels by time:
     D:1: 888 daAuts
     D:2: 149 daAuts
